AoeStats
← LazyGuy

Nomad

510927150Analyzed
3v3 RM · 9h ago on Oct 3, 2026· 38m 29s· 6 players
Game mode
Random Map
Map size
210×210
Population
200
Speed
Normal
Resources
Standard
Victory
Conquest
Starting age
Dark Age
Ending age
Imperial Age
RankedLock teamsTeams togetherTeam positionsShared explorationLock speedFull tech treeHidden civsTurbo modeCheats
Victory
Defeat
🇻🇳 Franks · Vietnam
1044
+12
🇧🇾 Magyars · Belarus
1024
+13
🇨🇳 Persians · China
1012
+13
🇦🇷 Italians · Argentina
956
-13
🇦🇷 Huns · Argentina
955
-13
🇦🇷 Japanese · Argentina
937
-12
Ezer
3:40 Loom
16:11 Feudal Age
18:19 Double-Bit Axe
18:49 Gold Mining
21:18 Castle Age
20:00 Stone Mining
23:44 Husbandry
23:55 Bloodlines
23:53 Scale Barding Armor
25:51 Chain Barding Armor
28:03 Wheelbarrow
34:00 Hand Cart
36:56 Imperial Age
35:08 Fletching
35:19 Padded Archer Armor
35:19 Town Watch
37:32 Ballistics
fly
5:28 Loom
16:39 Feudal Age
18:36 Double-Bit Axe
20:54 Castle Age
20:14 Horse Collar
26:47 Bloodlines
27:22 Kamandaran
28:15 Fletching
28:50 Ballistics
28:11 Crossbowman
29:32 Bodkin Arrow
30:29 Forging
32:38 Husbandry
35:06 Town Watch
40:42 Imperial Age
LazyGuy
6:05 Loom
14:10 Feudal Age
22:47 Castle Age
21:04 Double-Bit Axe
21:45 Stone Mining
24:31 Bow Saw
24:32 Fishing Lines
26:47 Wheelbarrow
26:40 Gold Mining
27:16 Gillnets
28:01 Forging
28:40 Fletching
30:20 Gold Shaft Mining
31:59 Scale Barding Armor
33:13 Bodkin Arrow
34:27 Ordonnance Companies
39:24 Imperial Age
37:11 Scale Mail Armor
38:53 Iron Casting
TitoTheDuck
9:42 Loom
13:53 Feudal Age
15:03 Double-Bit Axe
16:07 Forging
16:54 Bloodlines
20:35 Castle Age
18:38 Horse Collar
23:33 Wheelbarrow
24:26 Fletching
25:36 Bow Saw
26:43 Thumb Ring
28:27 Gold Mining
30:17 Bodkin Arrow
32:35 Stone Mining
33:18 Padded Archer Armor
33:45 Ballistics
36:40 Imperial Age
34:47 Bloodlines
34:00 Light Cavalry
34:52 Bloodlines
36:09 Leather Archer Armor
37:47 Hand Cart
38:57 Chemistry
MetalShaker
19:26 Feudal Age
19:07 Loom
19:57 Double-Bit Axe
20:01 Arson
19:37 Man-at-Arms
24:31 Wheelbarrow
24:04 Fishing Lines
29:56 Castle Age
27:56 Horse Collar
29:32 Forging
29:22 Scale Mail Armor
30:18 Pikeman
32:33 Iron Casting
31:59 Scale Mail Armor
32:12 Squires
33:53 Hand Cart
34:28 Gold Mining
34:01 Pikeman
34:16 Demolition Ship
35:12 Gambesons
36:14 Heavy Plow
36:58 Chain Mail Armor
37:15 Gillnets
38:24 Bow Saw
manuelag
8:02 Loom
15:07 Feudal Age
17:21 Horse Collar
19:53 Castle Age
18:05 Double-Bit Axe
18:34 Stone Mining
19:41 Gold Mining
20:46 Forging
22:01 Bloodlines
22:33 Husbandry
24:32 Iron Casting
25:55 Wheelbarrow
26:44 Marauders
27:23 Scale Barding Armor
29:20 Gold Shaft Mining
28:19 Pikeman
29:01 Squires
34:11 Scale Mail Armor
36:37 Chain Mail Armor
36:43 Chain Barding Armor
Connection lost

Rejoining the realm…

Still unreachable

The connection could not be restored.

Session expired

The server has moved on; the page needs a fresh start.